 Dungeon Crawl Stone Soup version 0.17-a0-1979-g1c74939 (webtiles) character file.

25 orochimarko the Gusty (level 3, -4/28 HPs)
             Began as a Naga Air Elementalist on Oct 5, 2015.
             Slain by an adder (5 damage)
             ... on level 2 of the Dungeon.
             The game lasted 00:10:24 (522 turns).

orochimarko the Gusty (Naga Air Elementalist)        Turns: 522, Time: 00:10:24

Health: -4/28      AC:  2    Str: 10    XL:     3   Next: 6%
Magic:  1/6        EV: 10    Int: 16    God:
Gold:   62         SH:  0    Dex: 11    Spells: 2 memorised, 3 levels left

rFire  . . .     SeeInvis +     i - +0 club
rCold  . . .     Clarity  .     a - +0 robe
rNeg   . . .     SustAt   .     (no shield)
rPois  +         Gourm    .     (no helmet)
rElec  .         Spirit   .     (no cloak)
rCorr  .         Warding  .     (no gloves)
rMut   .         Stasis   .     (no barding)
MR     .....                    d - amulet of rage
Stlth  ++........               (no ring)
                                (no ring)

@: short of breath, very slightly contaminated, very slow, not resistant to
hostile enchantments, unstealthy
A: see invisible, deformed body, poison resistance, slowness 2, slow metabolism
1, spit poison 2, AC +1
a: Spit Poison, Evoke Berserk Rage


You were on level 2 of the Dungeon.
You were not hungry.

You visited 1 branch of the dungeon, and saw 2 of its levels.

You collected 62 gold pieces.

Inventory:

Hand Weapons
 i - a +0 club (weapon)
Armour
 a - a +0 robe (worn)
Jewellery
 d - an amulet of rage (around neck)
 f - an uncursed ring of protection from cold {unknown}
Scrolls
 g - a scroll of magic mapping {unknown}
 l - a scroll of fear {unknown}
Potions
 e - a potion of curing {unknown}
 h - 2 potions of flight {unknown}
 j - a potion of might {unknown}
Books
 b - a book of Air

   Spells                             Type                      Level
   a - Shock                          Conjuration/Air              1
   b - Swiftness                      Charms/Air                   2
   c - Repel Missiles                 Charms/Air                   2
   d - Static Discharge               Conjuration/Air              3
   e - Lightning Bolt                 Conjuration/Air              5
Comestibles
 c - 2 bread rations
 k - a beef jerky
 m - 2 chunks of flesh


   Skills:
 + Level 1.7 Dodging
 + Level 3.3 Stealth
 + Level 2.4 Spellcasting
 + Level 1.0 Conjurations
 + Level 3.5 Air Magic


You had 3 spell levels left.
You knew the following spells:

 Your Spells              Type           Power        Failure   Level  Hunger
a - Shock                 Conj/Air       #...         10%         1    #......
b - Swiftness             Chrm/Air       #.......     17%         2    ###....


Dungeon Overview and Level Annotations

Branches:
Dungeon (2/15)

Altars:


Innate Abilities, Weirdness & Mutations

You cannot wear boots.
Your serpentine skin is tough (AC +1).
You have supernaturally acute eyesight.
Armour fits poorly on your strangely shaped body.
Your system is resistant to poisons.
You cover ground very slowly.
You have a slow metabolism.
You can spit poison.


Message History

The adder bites you.
* * * LOW HITPOINT WARNING * * *
Found 11 gold pieces.
The adder bites you.
* * * LOW HITPOINT WARNING * * *
Casting: Shock
Confirm with . or Enter, or press ? or * to list all spells.
Aiming: Shock
Press: ? - help, Shift-Dir - straight line, f/p - adder
Aim: an adder That beam is likely to hit you.
Continue anyway?
Okay, then.
Unknown command.
Use which ability?
Press: ? - help, Shift-Dir - straight line, f/p - adder
Aim: an adder The splash of poison hits the adder.
The adder is moderately wounded.
You feel slightly more hungry. The adder bites you.
You die...

#.. .$ . ##..
#.#... #.).#.##
#......##
#.......##
###......@.########
..........S........
#..........#......
#.........##.....S
l#......## ......
##.%..## #......
###.## ...g ..
#(.###b.. .
#(.##..#


You could see an adder and a giant newt (sleeping).

Vanquished Creatures
  An adder (D:2)
  An ooze (D:1)
  A ball python (D:1)
  A giant cockroach (D:1)
  2 bats
  A giant newt (D:1)
  4 goblins
  A rat (D:1)
12 creatures vanquished.

Notes
Turn   | Place    | Note
--------------------------------------------------------------
     0 | D:1      | orochimarko the Naga Air Elementalist began the quest for the Orb.
     0 | D:1      | Reached XP level 1. HP: 15/15 MP: 3/3
   198 | D:1      | Reached XP level 2. HP: 22/22 MP: 0/5
   213 | D:1      | Learned a level 2 spell: Swiftness
   499 | D:2      | Reached XP level 3. HP: 10/28 MP: 1/6
   521 | D:2      | HP: 1/28 [adder (2)]
   522 | D:2      | Slain by an adder

Vault maps used:
D:1:      roderic_dead_forest
D:2:      led_sif_pool, cheibriados_altar_1,
          nicolae_ru_great_annihilating_truth, grunt_ministairs_1

Action                   || total
-------------------------++-------
Melee: Unarmed           ||     2
       Club              ||     2
 Cast: Shock             ||    19
 Abil: Spit Poison       ||     9
 Stab: Sleeping          ||     1
